 Dungeon Crawl Stone Soup version 0.26.1-11-gd32895ea62 (webtiles) character file.

Game seed: 16247483476498142630

17940 bnorton916 the Destroyer (level 12, -23/68 HPs)
             Began as a Deep Elf Conjurer on July 14, 2021.
             Was an Elder of Vehumet.
             Annihilated by a boulder beetle (42 damage)
             ... on level 11 of the Dungeon.
             The game lasted 00:37:29 (19710 turns).

bnorton916 the Destroyer (Deep Elf Conjurer)       Turns: 19710, Time: 00:37:30

Health: -23/68     AC:  5    Str:  6    XL:     12   Next: 23%
Magic:  7/29       EV: 16    Int: 33    God:    Vehumet [****..]
Gold:   383        SH:  0    Dex: 16    Spells: 8/34 levels left

rFire    . . .     SeeInvis .   n - +1 short sword (elec)
rCold    + . .     Faith    .   (no shield)
rNeg     + + .     Spirit   .   E - +2 robe {rN+}
rPois    +         Reflect  .   (no helmet)
rElec    +         Harm     .   (no cloak)
rCorr    .         Rampage  .   H - +0 pair of gloves
Will     +....                  (no boots)
Stlth    +++++.....             (no amulet)
HPRegen  0.21/turn              a - ring "Bacvorih" {rElec rC++ rN+ Int+2}
MPRegen  0.21/turn              x - ring of Paituton {rPois rC- Int+4 Dex+3}

@: no status effects
A: no striking features
a: Renounce Religion


You were on level 11 of the Dungeon.
You worshipped Vehumet.
Vehumet was greatly pleased with you.
You visited 2 branches of the dungeon, and saw 12 of its levels.
You also visited: Sewer and Ossuary.

You collected 1037 gold pieces.
You spent 654 gold pieces at shops.

Inventory:

Hand Weapons
 n - a +1 short sword of electrocution (weapon)
 z - a +1 dagger of venom
 D - a +2 short sword of speed
Missiles
 K - 4 silver boomerangs
Armour
 c - a +0 troll leather armour {Purgy}
 E - a +2 robe of positive energy (worn)
 H - a +0 pair of gloves (worn)
Jewellery
 a - the ring "Bacvorih" (left hand) {rElec rC++ rN+ Int+2}
   (You bought it in a shop on level 4 of the Dungeon)

   [ring of positive energy]

   It affects your intelligence (+2).
   It greatly protects you from cold.
   It insulates you from electricity.
   It protects you from negative energy.
 m - an uncursed ring of poison resistance
 t - an uncursed ring of resist corrosion
 x - the ring of Paituton (right hand) {rPois rC- Int+4 Dex+3}
   (You found it on level 8 of the Dungeon)

   [ring of poison resistance]

   It affects your intelligence (+4).
   It affects your dexterity (+3).
   It makes you vulnerable to cold.
   It protects you from poison.
 y - an uncursed ring of protection from fire
 I - an uncursed ring of stealth
 J - a +6 ring of intelligence
 N - an uncursed amulet of guardian spirit {unknown}
Wands
 q - a wand of polymorph (27)
 r - a wand of paralysis (5)
 C - a wand of random effects (14)
 L - a wand of flame (14)
 P - a wand of disintegration (15)
Scrolls
 b - a scroll of blinking
 g - a scroll of enchant armour
 h - 4 scrolls of teleportation
 i - 2 scrolls of immolation
 j - 6 scrolls of amnesia
 k - a scroll of acquirement {unknown}
 p - a scroll of fog
 M - 4 scrolls of remove curse
 O - a scroll of magic mapping
 Q - a scroll of vulnerability {unknown}
Potions
 d - 3 potions of magic
 e - 15 potions of curing
 f - 2 potions of invisibility
 l - 3 potions of resistance
 o - a potion of ambrosia
 s - a potion of brilliance
 u - 2 potions of mutation
 v - a potion of might {unknown}
 w - 5 potions of flight
 A - a potion of heal wounds
 B - 3 potions of haste
 F - a potion of berserk rage
 G - a potion of lignification


   Skills:
 + Level 5.3 Fighting
 - Level 6.4 Dodging
 - Level 10.5 Stealth
 - Level 11.5 Spellcasting
 + Level 11.6 Conjurations
 - Level 10.6 Hexes
 - Level 9.0 Translocations


You had 8 spell levels left.
You knew the following spells:

 Your Spells              Type           Power        Failure   Level
a - Magic Dart            Conj           100%         0%          1
b - Searing Ray           Conj           100%         1%          2
c - Dazzling Flash        Conj/Hex       100%         1%          3
d - Fulminant Prism       Conj/Hex       37%          1%          4
e - Iskenderun's Mystic   Conj/Tloc      72%          1%          4
f - Iskenderun's Battles  Conj           77%          1%          5
g - Cause Fear            Hex            36%          1%          4
h - Tukima's Dance        Hex            73%          1%          3

Your spell library contained the following spells:

 Spells                   Type           Power        Failure   Level
 Olgreb's Toxic Radiance  Pois           19%          7%          4
 Corona                   Hex            81%          1%          1
 Ensorcelled Hibernation  Hex/Ice        100%         1%          2
 Slow                     Hex            73%          1%          2
 Confusing Touch          Hex            73%          1%          3
 Gell's Gravitas          Tloc           34%          1%          3
 Inner Flame              Hex/Fire       52%          1%          3
 Portal Projectile        Hex/Tloc       100%         1%          3
 Leda's Liquefaction      Hex/Erth       26%          2%          4
 Yara's Violent Unravell  Hex/Tmut       26%          2%          5
 Metabolic Englaciation   Hex/Ice        26%          8%          5
 Petrify                  Tmut/Erth      19%          24%         4


Dungeon Overview and Level Annotations

Branches:
Dungeon (11/15)            Temple (1/1) D:4            Lair (0/6) D:11
    Orc (0/2) D:11          Sewer (visited)         Ossuary (visited)

Altars:
Dithmenos
Elyvilon
Fedhas
Hepliaklqana
Nemelex Xobeh
Okawaru
Ru
Sif Muna
Vehumet
Xom
Yredelemnul

Shops:
D:4 =   D:9 ?

Annotations:
D:7 2 transporters, hawla's ghost, novice DrCj


Message History

The mystic blast hits the water moccasin.
You kill the water moccasin!
Vehumet accepts your kill.
You feel your power returning.
The boulder beetle curls into a ball and begins rolling!
As you read the scroll of teleportation, it crumbles to dust.
You feel strangely unstable.
Unknown command.
Casting: Iskenderun's Mystic Blast (safe; 1% risk of failure)
Confirm with . or Enter, or press ? or * to list all spells.
Aiming: Tukima's Dance (safe; 1% risk of failure)
Press: ? - help, Shift-Dir - straight line, f - Urug
Aim: Urug, wielding a +2 battleaxe of venom and wearing a +0 scale mail (severely wounded, chance to affect: 77%)
The +2 battleaxe of venom dances into the air!
Your surroundings suddenly seem different.
Vehumet accepts your kill.
You feel a bit more experienced. The boulder beetle hits you!!!
Ouch! That really hurt!
You die...

..#.....# ..#.....#
#...#
..#.....#.#####...#
..#.....#.........#
###....##.........#
###....#..........#
.......#........(.#
.......#..........#
.......#........@.#
.......'........B.#
########.......○..#
.. ##......°..# ...
#.....°.(.# ....
#.........# .....
#.#####...#
......#((..○(...#
#.....'(...o....#


You could see a boulder beetle.

Vanquished Creatures
  Erolcha (D:10)
  A catoblepas (D:11)
  2 two-headed ogres
  Erica (D:8)
  An unseen horror (D:10)
  2 oklob plants (D:11)
  A cyclops (D:11)
  Psyche (D:9)
  A kobold demonologist (D:10)
  A troll (D:10)
  A hornet (D:10)
  3 slime creatures (D:10)
  A vampire (D:9)
  Grum (D:8)
  Eustachio (D:4)
  6 yaks
  Duvessa (D:5)
  Purgy (Sewer)
  2 water moccasins
  An orc warrior (D:11)
  4 sky beasts
  6 ogres
  6 ice beasts
  A necrophage (D:7)
  3 wolves (D:8)
  7 centaurs
  An elf zombie (D:7)
  8 bullfrogs
  Dowan (D:5)
  An elf skeleton (D:7)
  A water moccasin zombie (D:5)
  A wyvern zombie (D:8)
  2 wyvern skeletons
  9 scorpions
  3 killer bees
  3 howler monkeys (D:8)
  9 crimson imps (D:7)
  A bullfrog zombie (D:6)
  8 hounds
  4 orc priests
  A bullfrog skeleton (D:4)
  3 jellies
  5 centaur skeletons
  A human zombie (D:7)
  3 orc wizards
  Ijyb (D:3)
  2 iguanas
  8 worker ants
  A hound skeleton (D:7)
  A hound zombie (D:9)
  3 mummies (Ossuary)
  4 gnolls
  12 adders
  A howler monkey skeleton (D:8)
  2 river rats (D:6)
  3 shadow imps
  2 white imps
  4 ufetubi
  6 oozes
  3 adder zombies
  3 worms
  3 dart slugs
  7 leopard geckos
  32 orcs
  7 bats
  12 giant cockroaches
  10 goblins
  14 hobgoblins
  8 jackals
  A quokka (D:10)
  4 ball pythons
  14 frilled lizards
  A gnoll zombie (Ossuary)
  4 goblin zombies (Ossuary)
  2 hobgoblin zombies (Ossuary)
  9 kobolds
  2 kobold zombies (Ossuary)
  A leopard gecko skeleton (D:5)
  An orc skeleton (D:7)
  2 orc zombies (D:7)
  4 quokka zombies (Ossuary)
  9 rats
  4 rat zombies (Ossuary)
329 creatures vanquished.

Vanquished Creatures (collateral kills)
  A two-headed ogre (D:11)
  Urug (D:11)
2 creatures vanquished.

Vanquished Creatures (others)
  An unseen horror (D:11)
  77 fulminant prisms
  15 plants (D:11)
93 creatures vanquished.

Grand Total: 424 creatures vanquished

Notes
Turn   | Place    | Note
-------+----------+-------------------------------------------
     0 | D:1      | bnorton916 the Deep Elf Conjurer began the quest for the
                  | Orb.
     0 | D:1      | Reached XP level 1. HP: 10/10 MP: 6/6
   152 | D:1      | Reached XP level 2. HP: 15/15 MP: 3/8
   715 | D:1      | Reached skill level 5 in Conjurations
   715 | D:1      | Reached XP level 3. HP: 19/19 MP: 6/10
   718 | D:1      | Learned a level 2 spell: Searing Ray
   722 | D:1      | Learned a level 3 spell: Dazzling Flash
  1391 | D:2      | Found a faded altar of an unknown god.
  1460 | D:2      | Reached XP level 4. HP: 22/24 MP: 8/12
  1658 | D:2      | Reached skill level 5 in Spellcasting
  1893 | D:2      | Reached XP level 5. HP: 28/28 MP: 11/14
  1996 | D:2      | Found a sacrificial altar of Ru.
  2457 | D:3      | Learned a level 4 spell: Fulminant Prism
  2465 | D:3      | Learned a level 4 spell: Iskenderun's Mystic Blast
  2491 | D:3      | Found a shadowy altar of Dithmenos.
  2872 | D:3      | Noticed Ijyb
  2876 | D:3      | Killed Ijyb
  2877 | D:3      | Reached skill level 1 in Hexes
  2931 | D:3      | Reached skill level 1 in Translocations
  3723 | D:4      | Found a radiant altar of Vehumet.
  3727 | D:4      | Noticed an ogre
  3738 | D:4      | Killed an ogre
  3739 | D:4      | Reached XP level 6. HP: 32/32 MP: 7/16
  3743 | D:4      | Became a worshipper of Vehumet
  3985 | D:4      | Found Wenoh's Jewellery Boutique.
  4064 | D:4      | Noticed Eustachio
  4072 | D:4      | Killed Eustachio
  4073 | D:4      | Reached XP level 7. HP: 36/36 MP: 9/17
  4224 | D:4      | Found a staircase to the Ecumenical Temple.
  4233 | Temple   | Entered the Ecumenical Temple
  4252 | D:4      | Found a sparkling altar of Nemelex Xobeh.
  4476 | D:4      | Found a shimmering altar of Xom.
  4816 | D:4      | Found an iron altar of Okawaru.
  4816 | D:4      | Found a basalt altar of Yredelemnul.
  4941 | D:5      | Entered Level 5 of the Dungeon
  4959 | D:5      | Found a white marble altar of Elyvilon.
  5535 | D:5      | Reached skill level 5 in Hexes
  5660 | D:5      | Reached XP level 8. HP: 14/41 MP: 12/18
  6025 | D:5      | Reached * piety under Vehumet
  6025 | D:5      | Offered knowledge of Foxfire by Vehumet.
  6027 | D:5      | Reached skill level 5 in Translocations
  6754 | D:5      | Noticed Duvessa
  6756 | D:5      | Noticed Dowan
  6774 | D:5      | Killed Duvessa
  6795 | D:5      | Killed Dowan
  7550 | D:6      | Found a glowing drain.
  7564 | Sewer    | Entered a sewer
  7633 | Sewer    | Noticed Purgy
  7651 | Sewer    | Killed Purgy
  7651 | Sewer    | Reached ** piety under Vehumet
  7902 | D:6      | Reached XP level 9. HP: 44/45 MP: 13/19
  7959 | D:6      | Offered knowledge of Freeze by Vehumet.
  8411 | D:6      | Found an iron altar of Okawaru.
  8669 | D:6      | Found a blossoming altar of Fedhas.
  8669 | D:6      | Found a shimmering blue altar of Sif Muna.
  9106 | D:7      | Found a sand-covered staircase.
  9246 | Ossuary  | Entered an ossuary
  9249 | Ossuary  | Offered knowledge of Mephitic Cloud by Vehumet.
  9327 | Ossuary  | Reached *** piety under Vehumet
  9681 | Ossuary  | Reached skill level 10 in Conjurations
  9681 | Ossuary  | Reached skill level 10 in Hexes
  9681 | Ossuary  | Reached XP level 10. HP: 56/56 MP: 20/20
 10099 | D:7      | Found a transporter.
 10105 | D:7      | Noticed hawla's ghost (novice DrCj)
 10339 | D:7      | Found a transporter.
 10628 | D:7      | Offered knowledge of Inner Flame by Vehumet.
 11499 | D:4      | Bought the ring "Bacvorih" {rElec rC++ rN+ Int+2} for 612
                  | gold pieces
 11634 | D:8      | Noticed Erica
 11642 | D:8      | Killed Erica
 11656 | D:8      | Reached skill level 5 in Stealth
 11820 | D:8      | Got a scintillating silver ring
 11998 | D:8      | Noticed Grum
 12016 | D:8      | Killed Grum
 12016 | D:8      | Reached **** piety under Vehumet
 12125 | D:8      | Noticed a two-headed ogre
 12135 | D:8      | Killed a two-headed ogre
 12136 | D:8      | Reached XP level 11. HP: 60/60 MP: 13/25
 12599 | D:8      | Found a hazy altar of Hepliaklqana.
 12729 | D:8      | Offered knowledge of Iskenderun's Battlesphere by Vehumet.
 12736 | D:8      | Learned a level 5 spell: Iskenderun's Battlesphere
 12920 | D:9      | Noticed Psyche
 12927 | D:9      | Killed Psyche
 13729 | D:9      | Found Pagus's Magic Scroll Emporium.
 13759 | D:9      | Bought a scroll of remove curse for 42 gold pieces
 13760 | D:9      | Identified the ring of Paituton {rPois rC- Int+4 Dex+3}
                  | (You found it on level 8 of the Dungeon)
 14362 | D:10     | Entered Level 10 of the Dungeon
 14538 | D:10     | Noticed a two-headed ogre
 14551 | D:10     | Killed a two-headed ogre
 15019 | D:10     | Reached skill level 10 in Spellcasting
 15545 | D:10     | Noticed Erolcha
 15554 | D:10     | Killed Erolcha
 15943 | D:10     | Reached ***** piety under Vehumet
 16207 | D:10     | Killed an unseen horror
 16208 | D:10     | Reached skill level 10 in Stealth
 17226 | D:11     | Found a staircase to the Orcish Mines.
 17232 | D:11     | Offered knowledge of Olgreb's Toxic Radiance by Vehumet.
 17281 | D:11     | Noticed a catoblepas
 17627 | D:11     | Learned a level 4 spell: Cause Fear
 17631 | D:11     | Learned a level 3 spell: Tukima's Dance
 17646 | D:11     | Noticed an oklob plant
 18030 | D:11     | Found a staircase to the Lair.
 18030 | D:11     | Noticed an oklob plant
 18414 | D:11     | Killed an oklob plant
 18649 | D:11     | Killed an oklob plant
 18650 | D:11     | Reached XP level 12. HP: 49/67 MP: 23/29
 18956 | D:11     | Noticed a boulder beetle
 19272 | D:11     | Killed a catoblepas
 19559 | D:11     | Noticed a two-headed ogre
 19568 | D:11     | Killed a two-headed ogre
 19674 | D:11     | Noticed Urug
 19687 | D:11     | Reached skill level 5 in Fighting
 19709 | D:11     | Killed Urug
 19710 | D:11     | Annihilated by a boulder beetle

Illustrated notes

Levels and vault maps discovered:
D:1:      onia_arrival_handbag, layout_loops_ring, minmay_misc_feat_room,
          hangedman_feature_mirror, st_stairs_6, minmay_split_cup_large
D:2:      layout_loops_ring, old_standard_altar,
          chequers_ecumenical_altar_simple
D:3:      layout_loops_ring, nicolae_dithmenos_through_a_glass_darkly, uniq_ijyb
D:4:      layout_cave_pools, nemelex_xobeh_ov_fountains_minmay,
          vehumet_crystals, tgw_xom, gammafunk_temple_overflow_statue,
          minmay_temple_entry_slanted, serial_shops, shop,
          amcnicky_mini_rare_corridor_liquid, grunt_ministairs_4,
          item_on_display_a, uniq_eustachio
D:5:      minmay_inner_zag, layout_loops_ring, kennysheep_little_box,
          uniq_duvessa
D:6:      layout_basic, chequers_temple_overflow_statue_of_worship,
          gup_sewer_entry_bubbles, okawaru_trees_2
D:7:      layout_loops_corners, nzn_ghost_randoct,
          nicolae_ossuary_entry_catacombs, nrook_mini_backslash,
          minmay_nine_imps
D:8:      layout_loops_ring, general_overflow_altar, uniq_grum, uniq_erica
D:9:      layout_small_grid, enter_bailey_2, serial_shops, shop, uniq_psyche
D:10:     layout_irregular_city, minmay_tree_intersection, uniq_erolcha
D:11:     layout_stronghold, dpeg_oklobed_lair, chequers_serial_rivers_small_b,
          uniq_urug
Temple:   minmay_temple_curvy_loop

Skill      XL: |  1  2  3  4  5  6  7  8  9 10 11 12 |
---------------+-------------------------------------+-----
Spellcasting   | 4 5 8 11 | 11.5
Conjurations   | 5 6 7 9 10 11 | 11.6
Hexes          | 2 4 5 7 10 | 10.6
Translocations | 2 3 4 6 9 |  9.0
Fighting       | 3 4 5 |  5.3
Dodging        | 6 |  6.4
Stealth        | 6 10 | 10.5

Action                   |  1- 3 |  4- 6 |  7- 9 | 10-12 || total
-------------------------+-------+-------+-------+-------++-------
Melee: Dagger            |       |       |    32 |       ||    32
       Short sword       |       |       |     7 |    57 ||    64
 Cast: Magic Dart        |    74 |   131 |   189 |   196 ||   590
       Searing Ray       |     1 |     4 |    26 |    30 ||    61
       Fulminant Prism   |       |     3 |    11 |    63 ||    77
       Iskenderun's Myst |       |       |     4 |    35 ||    39
       Iskenderun's Batt |       |       |       |     4 ||     4
       Tukima's Dance    |       |       |       |     2 ||     2
  Use: Scroll            |     1 |    12 |     9 |     8 ||    30
       Potion            |       |       |     1 |     1 ||     2
 Stab: Sleeping          |       |       |     3 |       ||     3
Armor: Robe              |     1 |       |    19 |    26 ||    46
Dodge: Dodged            |    11 |    22 |    79 |   145 ||   257
